[ AOE2 MATCH · #490830265 ]
UnrankedCelts vs Turks
Player's team · LOSS
[ REPLAY ANALYSIS · EXTRACTED FROM THE RECORDED GAME ]
Feudal
9:49
Castle
23:51
Imperial
41:20
| APM avg | 43.7 |
| APM peak | 69 |
| eAPM avg | 22.5 |
| Villagers / military | 135 / 85 |
Focus
⚔️ 27.4% · 🌾 72.6%
Knight ×27 · Scout Cavalry ×25 · Spearman ×13 · Scorpion ×9 · Monk ×8 · Trebuchet (Packed) ×2
Feudal
8:52
Castle
22:23
Imperial
46:31
| APM avg | 66.0 |
| APM peak | 147 |
| eAPM avg | 41.5 |
| Villagers / military | 134 / 118 |
Focus
⚔️ 62.0% · 🌾 38.0%
Knight ×87 · Scout Cavalry ×25 · Teutonic Knight ×4 · Monk ×2
Feudal
9:17
Castle
20:07
Imperial
40:55
| APM avg | 79.5 |
| APM peak | 146 |
| eAPM avg | 55.9 |
| Villagers / military | 165 / 281 |
Focus
⚔️ 68.1% · 🌾 31.9%
Scout Cavalry ×184 · Knight ×62 · Camel Scout ×32 · Spearman ×2 · Monk ×1
Feudal
10:59
Castle
24:21
Imperial
—
| APM avg | 53.1 |
| APM peak | 106 |
| eAPM avg | 31.0 |
| Villagers / military | 158 / 48 |
Focus
⚔️ 35.9% · 🌾 64.1%
Archer ×40 · Cavalry Archer ×6 · Monk ×2
Feudal
13:27
Castle
18:39
Imperial
—
| APM avg | 66.1 |
| APM peak | 103 |
| eAPM avg | 28.5 |
| Villagers / military | 232 / 97 |
Focus
⚔️ 35.4% · 🌾 64.6%
Bolas Rider ×75 · Skirmisher ×19 · Mangonel ×2 · Monk ×1
Feudal
10:11
Castle
25:09
Imperial
41:03
| APM avg | 45.3 |
| APM peak | 89 |
| eAPM avg | 22.2 |
| Villagers / military | 167 / 91 |
Focus
⚔️ 41.8% · 🌾 58.2%
Spearman ×48 · Coustillier ×15 · Scout Cavalry ×15 · Flemish Militia ×7 · Trebuchet (Packed) ×5 · Monk ×1
Feudal
8:58
Castle
24:26
Imperial
45:10
| APM avg | 61.4 |
| APM peak | 115 |
| eAPM avg | 25.1 |
| Villagers / military | 169 / 92 |
Focus
⚔️ 40.5% · 🌾 59.5%
Cavalry Archer ×55 · Archer ×30 · Monk ×4 · Trebuchet (Packed) ×3
Feudal
10:58
Castle
15:16
Imperial
48:43
| APM avg | 55.5 |
| APM peak | 86 |
| eAPM avg | 20.0 |
| Villagers / military | 168 / 102 |
Focus
⚔️ 36.0% · 🌾 64.0%
Kipchak ×100 · Monk ×2
Match map
Initial resources + every placement click. Lines = walls · curves = elevation contours. ◆ gold · ⬟ stone · ● berries · ✦ relic · ◌ wall gap
Your base· Open — unwalled flank
|FMG| TINCHO's base· Open — 3t gap
SuperMAARusher's base· Open — 7t gap
FMG | GreatMaty's base· Open — 2t gap
link_chaos's base· Open — 3t gap
Lathkore's base· Open — unwalled flank
FMG | Sawasha Takohida's base· ✓ Closed at 24:26 · 49t walls · 2 gate(s)
Aqua Sama's base· Open — unwalled flank
Smoothed initial terrain · ◌ = detected wall gap · hover for details
Inputs per minute
— |FMG| Nadie - - |FMG| TINCHO
Build order — |FMG| Nadie
First 150 of 377 actions detected
| 0:03 | Create | Villager (Male) |
| 0:03 | Create | Villager (Male) |
| 0:03 | Create | Villager (Male) |
| 0:04 | Build | House |
| 0:07 | Build | House |
| 0:08 | Create | Villager (Male) |
| 0:08 | Create | Villager (Male) |
| 1:29 | Create | Villager (Male) |
| 2:04 | Create | Villager (Male) |
| 2:22 | Build | Lumber Camp |
| 2:23 | Create | Villager (Male) |
| 2:56 | Create | Villager (Male) |
| 2:56 | Create | Villager (Male) |
| 3:47 | Create | Villager (Male) |
| 3:55 | Build | House |
| 3:56 | Create | Villager (Male) |
| 4:15 | Create | Villager (Male) |
| 4:56 | Build | Mill |
| 5:02 | Create | Villager (Male) |
| 5:26 | Create | Villager (Male) |
| 5:41 | Create | Villager (Male) |
| 5:53 | Create | Villager (Male) |
| 5:59 | Create | Villager (Male) |
| 6:12 | Build | House |
| 6:21 | Create | Villager (Male) |
| 6:39 | Create | Villager (Male) |
| 7:14 | Research | Loom |
| 7:24 | Research | Feudal Age |
| 9:03 | Build | Barracks |
| 9:25 | Build | House |
| 9:34 | Build | Mill |
| 9:46 | Create | Villager (Male) |
| 9:49 | Age | Feudal Age |
| 9:53 | Create | Villager (Male) |
| 10:03 | Build | Stable |
| 10:07 | Build | House |
| 10:13 | Create | Villager (Male) |
| 10:33 | Create | Villager (Male) |
| 10:35 | Research | Double-Bit Axe |
| 10:39 | Build | Blacksmith |
| 10:40 | Build | House |
| 10:42 | Build | Palisade Wall |
| 10:44 | Build | Palisade Wall |
| 10:46 | Create | Villager (Male) |
| 10:48 | Create | Villager (Male) |
| 10:53 | Create | Scout Cavalry |
| 10:58 | Create | Scout Cavalry |
| 11:16 | Build | Farm |
| 11:17 | Build | Farm |
| 11:21 | Create | Scout Cavalry |
| 11:41 | Create | Scout Cavalry |
| 11:47 | Create | Scout Cavalry |
| 12:00 | Create | Scout Cavalry |
| 12:04 | Research | Scale Barding Armor |
| 12:08 | Build | Farm |
| 12:08 | Build | Farm |
| 12:08 | Build | Farm |
| 12:19 | Create | Scout Cavalry |
| 12:27 | Build | Farm |
| 12:28 | Build | Farm |
| 12:28 | Build | Farm |
| 12:28 | Build | Farm |
| 12:34 | Create | Scout Cavalry |
| 12:51 | Create | Spearman |
| 12:56 | Create | Villager (Male) |
| 12:56 | Create | Villager (Male) |
| 13:15 | Build | Farm |
| 13:17 | Build | Farm |
| 13:21 | Create | Villager (Male) |
| 13:23 | Create | Scout Cavalry |
| 13:42 | Create | Villager (Male) |
| 13:45 | Build | Farm |
| 13:46 | Research | Horse Collar |
| 13:48 | Build | Farm |
| 14:02 | Create | Scout Cavalry |
| 14:04 | Build | Farm |
| 14:20 | Create | Scout Cavalry |
| 14:25 | Build | Farm |
| 14:50 | Create | Scout Cavalry |
| 14:50 | Create | Villager (Male) |
| 15:14 | Create | Villager (Male) |
| 15:25 | Build | House |
| 15:30 | Build | Lumber Camp |
| 15:32 | Build | House |
| 15:37 | Build | Farm |
| 15:39 | Build | Farm |
| 15:40 | Build | Farm |
| 15:43 | Create | Villager (Male) |
| 16:12 | Create | Scout Cavalry |
| 16:16 | Create | Scout Cavalry |
| 16:17 | Create | Villager (Male) |
| 16:20 | Build | Farm |
| 16:22 | Build | Farm |
| 16:25 | Build | Mining Camp |
| 16:38 | Create | Villager (Male) |
| 16:44 | Research | Forging |
| 16:46 | Build | Lumber Camp |
| 17:14 | Create | Villager (Male) |
| 17:24 | Create | Scout Cavalry |
| 17:25 | Create | Villager (Male) |
| 17:33 | Build | Farm |
| 17:35 | Build | Farm |
| 17:42 | Research | Wheelbarrow |
| 18:15 | Create | Scout Cavalry |
| 18:16 | Create | Villager (Male) |
| 18:22 | Build | Farm |
| 18:26 | Build | Market |
| 18:27 | Build | House |
| 18:35 | Create | Scout Cavalry |
| 19:30 | Create | Villager (Male) |
| 19:51 | Build | Lumber Camp |
| 19:53 | Build | House |
| 19:54 | Build | House |
| 19:56 | Create | Villager (Male) |
| 20:01 | Create | Villager (Male) |
| 20:30 | Build | House |
| 20:34 | Create | Villager (Male) |
| 20:48 | Build | House |
| 20:49 | Build | House |
| 20:50 | Build | Palisade Wall |
| 21:11 | Research | Castle Age |
| 21:15 | Build | Farm |
| 21:19 | Research | Gold Mining |
| 21:22 | Build | Stable |
| 22:11 | Build | Palisade Wall |
| 23:35 | Build | Stable |
| 23:51 | Age | Castle Age |
| 23:54 | Create | Knight |
| 23:54 | Create | Knight |
| 23:55 | Research | Chain Barding Armor |
| 23:56 | Create | Villager (Male) |
| 23:59 | Build | Town Center |
| 24:02 | Build | Farm |
| 24:11 | Build | Town Center |
| 24:20 | Create | Knight |
| 24:20 | Create | Knight |
| 24:26 | Create | Villager (Male) |
| 24:50 | Create | Knight |
| 24:51 | Research | Husbandry |
| 24:52 | Create | Villager (Male) |
| 24:53 | Research | Iron Casting |
| 25:05 | Create | Villager (Male) |
| 25:15 | Create | Villager (Male) |
| 25:25 | Create | Villager (Male) |
| 25:28 | Create | Villager (Male) |
| 25:41 | Build | Farm |
| 25:50 | Create | Knight |
| 26:03 | Create | Knight |
| 26:09 | Create | Villager (Male) |
| 26:18 | Create | Villager (Male) |
Build order — |FMG| TINCHO
First 150 of 425 actions detected
| 0:01 | Create | Villager (Male) |
| 0:01 | Create | Villager (Male) |
| 0:03 | Build | House |
| 0:04 | Build | House |
| 0:12 | Create | Villager (Male) |
| 0:21 | Create | Villager (Male) |
| 1:25 | Create | Villager (Male) |
| 1:57 | Build | Lumber Camp |
| 2:05 | Create | Villager (Male) |
| 2:06 | Create | Villager (Male) |
| 2:44 | Create | Villager (Male) |
| 2:44 | Create | Villager (Male) |
| 3:07 | Create | Villager (Male) |
| 3:29 | Build | House |
| 3:34 | Create | Villager (Male) |
| 3:46 | Create | Villager (Male) |
| 4:05 | Create | Villager (Male) |
| 4:21 | Create | Villager (Male) |
| 4:27 | Build | Mill |
| 4:43 | Create | Villager (Male) |
| 5:29 | Create | Villager (Male) |
| 5:34 | Create | Villager (Male) |
| 6:12 | Research | Loom |
| 6:43 | Research | Feudal Age |
| 6:43 | Research | Feudal Age |
| 8:09 | Build | Barracks |
| 8:14 | Create | Villager (Male) |
| 8:22 | Build | House |
| 8:52 | Age | Feudal Age |
| 8:54 | Research | Double-Bit Axe |
| 9:03 | Create | Villager (Male) |
| 9:08 | Build | Stable |
| 9:38 | Create | Scout Cavalry |
| 9:51 | Research | Horse Collar |
| 9:52 | Create | Villager (Male) |
| 10:01 | Build | House |
| 10:05 | Create | Scout Cavalry |
| 10:15 | Create | Villager (Male) |
| 10:20 | Build | Farm |
| 10:23 | Build | Farm |
| 10:25 | Build | House |
| 10:35 | Build | Farm |
| 10:37 | Create | Villager (Male) |
| 10:44 | Create | Villager (Male) |
| 10:46 | Build | Farm |
| 10:58 | Create | Villager (Male) |
| 11:20 | Build | House |
| 11:29 | Create | Scout Cavalry |
| 11:31 | Create | Villager (Male) |
| 11:34 | Build | Farm |
| 11:36 | Build | Blacksmith |
| 11:48 | Create | Villager (Male) |
| 11:52 | Build | Farm |
| 12:02 | Build | House |
| 12:07 | Create | Scout Cavalry |
| 12:21 | Create | Villager (Male) |
| 12:24 | Build | Farm |
| 12:27 | Build | Farm |
| 12:44 | Create | Scout Cavalry |
| 13:13 | Create | Villager (Male) |
| 13:15 | Build | Farm |
| 13:17 | Build | Farm |
| 13:17 | Build | Farm |
| 13:17 | Build | Farm |
| 13:28 | Research | Forging |
| 13:29 | Research | Forging |
| 13:31 | Build | Farm |
| 13:40 | Create | Villager (Male) |
| 13:42 | Build | Farm |
| 13:45 | Build | Farm |
| 13:45 | Build | Farm |
| 13:45 | Build | Farm |
| 13:49 | Create | Villager (Male) |
| 13:58 | Build | Farm |
| 14:14 | Build | House |
| 14:20 | Create | Scout Cavalry |
| 14:26 | Create | Scout Cavalry |
| 14:39 | Build | Farm |
| 14:40 | Build | Farm |
| 14:40 | Create | Villager (Male) |
| 14:44 | Build | House |
| 14:50 | Create | Villager (Male) |
| 14:53 | Create | Villager (Male) |
| 15:07 | Build | Mining Camp |
| 15:12 | Create | Villager (Male) |
| 15:28 | Create | Scout Cavalry |
| 15:52 | Create | Villager (Male) |
| 15:59 | Build | Farm |
| 16:25 | Create | Villager (Male) |
| 16:26 | Build | House |
| 16:27 | Build | House |
| 16:47 | Research | Wheelbarrow |
| 17:09 | Build | House |
| 17:10 | Build | House |
| 17:17 | Research | Bloodlines |
| 17:22 | Build | Farm |
| 17:28 | Research | Scale Barding Armor |
| 17:38 | Create | Villager (Male) |
| 17:39 | Create | Scout Cavalry |
| 18:07 | Build | Watch Tower |
| 18:10 | Build | Palisade Wall |
| 18:33 | Create | Scout Cavalry |
| 18:39 | Create | Scout Cavalry |
| 19:14 | Create | Villager (Male) |
| 19:43 | Research | Castle Age |
| 19:54 | Create | Scout Cavalry |
| 20:18 | Build | Stable |
| 20:33 | Create | Scout Cavalry |
| 20:43 | Research | Gold Mining |
| 21:05 | Build | House |
| 21:06 | Build | House |
| 21:37 | Build | House |
| 21:42 | Build | Palisade Wall |
| 22:23 | Age | Castle Age |
| 22:27 | Create | Knight |
| 22:27 | Create | Knight |
| 22:28 | Research | Chain Barding Armor |
| 22:29 | Research | Bow Saw |
| 22:36 | Create | Villager (Male) |
| 22:38 | Create | Knight |
| 22:48 | Create | Villager (Male) |
| 22:58 | Create | Knight |
| 23:01 | Create | Knight |
| 23:13 | Build | Palisade Gate |
| 23:19 | Create | Villager (Male) |
| 23:23 | Build | Lumber Camp |
| 23:33 | Create | Knight |
| 23:42 | Build | Market |
| 23:53 | Create | Villager (Male) |
| 23:55 | Research | Town Watch |
| 24:08 | Create | Villager (Male) |
| 24:12 | Create | Knight |
| 24:12 | Create | Knight |
| 24:17 | Create | Villager (Male) |
| 24:20 | Build | House |
| 24:24 | Create | Knight |
| 24:49 | Create | Knight |
| 24:52 | Create | Villager (Male) |
| 25:37 | Build | Farm |
| 25:48 | Create | Villager (Male) |
| 25:53 | Research | Hand Cart |
| 25:58 | Build | Farm |
| 26:06 | Create | Villager (Male) |
| 26:13 | Build | Lumber Camp |
| 26:19 | Create | Villager (Male) |
| 26:29 | Create | Knight |
| 26:29 | Create | Knight |
| 26:29 | Create | Knight |
| 26:35 | Build | Farm |
| 26:35 | Build | Farm |
Build order — SuperMAARusher
First 150 of 600 actions detected
| 0:01 | Create | Villager (Male) ×4 |
| 0:02 | Create | Villager (Male) ×4 |
| 0:02 | Create | Villager (Male) ×4 |
| 0:04 | Build | House |
| 0:06 | Build | House |
| 1:29 | Create | Villager (Male) |
| 2:02 | Create | Villager (Male) |
| 2:21 | Create | Villager (Male) |
| 2:22 | Create | Villager (Male) |
| 2:33 | Build | Lumber Camp |
| 2:45 | Create | Villager (Male) |
| 2:45 | Create | Villager (Male) |
| 2:45 | Create | Villager (Male) |
| 3:01 | Create | Villager (Male) |
| 3:01 | Create | Villager (Male) |
| 3:30 | Create | Villager (Male) |
| 3:34 | Create | Villager (Male) |
| 3:35 | Create | Villager (Male) |
| 3:35 | Create | Villager (Male) |
| 3:45 | Build | House |
| 4:18 | Build | House |
| 4:32 | Create | Villager (Male) |
| 4:33 | Create | Villager (Male) |
| 4:33 | Create | Villager (Male) |
| 4:33 | Create | Villager (Male) |
| 4:33 | Create | Villager (Male) |
| 4:52 | Build | House |
| 5:03 | Create | Villager (Male) |
| 5:03 | Create | Villager (Male) |
| 5:03 | Create | Villager (Male) |
| 5:04 | Create | Villager (Male) |
| 5:16 | Create | Villager (Male) |
| 5:31 | Create | Villager (Male) |
| 5:35 | Create | Villager (Male) |
| 6:25 | Build | Mill |
| 6:53 | Research | Feudal Age |
| 7:58 | Build | House |
| 8:11 | Build | Barracks |
| 8:59 | Create | Villager (Male) |
| 9:00 | Create | Villager (Male) |
| 9:17 | Age | Feudal Age |
| 9:19 | Build | Stable |
| 9:42 | Research | Double-Bit Axe |
| 9:42 | Research | Double-Bit Axe |
| 9:43 | Research | Horse Collar |
| 9:43 | Research | Horse Collar |
| 9:43 | Research | Horse Collar |
| 9:44 | Create | Villager (Male) |
| 9:49 | Research | Loom |
| 9:49 | Create | Villager (Male) |
| 10:04 | Create | Scout Cavalry |
| 10:04 | Create | Scout Cavalry |
| 10:07 | Build | House |
| 10:12 | Build | Farm |
| 10:15 | Build | House |
| 10:16 | Build | House |
| 10:27 | Build | Farm |
| 10:40 | Create | Scout Cavalry |
| 10:49 | Create | Villager (Male) |
| 10:50 | Build | Farm |
| 11:04 | Create | Scout Cavalry |
| 11:05 | Create | Villager (Male) |
| 11:07 | Build | Farm |
| 11:10 | Build | Farm |
| 11:11 | Create | Spearman |
| 11:28 | Create | Villager (Male) |
| 11:41 | Build | Farm |
| 12:02 | Create | Villager (Male) |
| 12:06 | Create | Scout Cavalry |
| 12:19 | Build | House |
| 12:22 | Create | Villager (Male) |
| 12:23 | Build | Farm |
| 12:25 | Build | Farm |
| 12:35 | Create | Scout Cavalry |
| 12:56 | Create | Villager (Male) |
| 13:13 | Create | Villager (Male) |
| 13:26 | Create | Villager (Male) |
| 13:27 | Build | Farm |
| 13:32 | Build | Farm |
| 13:40 | Build | Mining Camp |
| 13:42 | Create | Villager (Male) |
| 13:48 | Build | Market |
| 14:10 | Create | Villager (Male) |
| 14:13 | Build | Palisade Gate |
| 14:15 | Build | Palisade Wall |
| 14:18 | Create | Scout Cavalry |
| 14:45 | Create | Scout Cavalry |
| 14:48 | Create | Villager (Male) |
| 14:52 | Build | Farm |
| 14:54 | Build | Farm |
| 15:00 | Build | Farm |
| 15:00 | Build | Farm |
| 15:00 | Build | Farm |
| 15:01 | Build | Farm |
| 15:14 | Create | Scout Cavalry |
| 15:29 | Build | Palisade Wall |
| 16:12 | Research | Wheelbarrow |
| 16:43 | Create | Scout Cavalry |
| 16:44 | Create | Scout Cavalry |
| 16:49 | Build | Blacksmith |
| 17:27 | Research | Castle Age |
| 17:27 | Research | Castle Age |
| 17:54 | Create | Scout Cavalry |
| 18:00 | Research | Scale Barding Armor |
| 18:00 | Research | Scale Barding Armor |
| 18:13 | Create | Scout Cavalry |
| 18:44 | Create | Scout Cavalry |
| 18:45 | Research | Bloodlines |
| 18:47 | Research | Bloodlines |
| 18:47 | Research | Bloodlines |
| 19:12 | Build | Stable |
| 19:34 | Research | Forging |
| 19:34 | Research | Forging |
| 19:35 | Create | Villager (Male) |
| 19:53 | Create | Scout Cavalry |
| 19:53 | Create | Scout Cavalry |
| 20:07 | Age | Castle Age |
| 20:15 | Research | Chain Barding Armor |
| 20:15 | Research | Chain Barding Armor |
| 20:18 | Create | Villager (Male) |
| 20:37 | Create | Spearman |
| 20:44 | Create | Villager (Male) |
| 20:49 | Build | House |
| 21:00 | Build | Town Center |
| 21:11 | Create | Scout Cavalry |
| 21:11 | Create | Scout Cavalry |
| 21:11 | Create | Scout Cavalry |
| 21:24 | Create | Scout Cavalry |
| 21:24 | Create | Scout Cavalry |
| 21:34 | Create | Villager (Male) |
| 21:54 | Create | Villager (Male) |
| 22:00 | Build | Farm |
| 22:00 | Build | Farm |
| 22:00 | Build | Farm |
| 22:01 | Build | Farm |
| 22:01 | Build | Farm |
| 22:17 | Create | Scout Cavalry |
| 22:18 | Create | Scout Cavalry |
| 22:39 | Create | Knight |
| 22:39 | Create | Knight |
| 22:39 | Create | Knight |
| 22:45 | Build | Farm |
| 22:45 | Build | Farm |
| 22:45 | Build | Farm |
| 22:46 | Build | Farm |
| 22:46 | Build | Farm |
| 22:46 | Build | Farm |
| 22:47 | Create | Villager (Male) |
| 23:37 | Create | Knight |
| 23:37 | Create | Knight |
Build order — FMG | GreatMaty
First 150 of 410 actions detected
| 0:01 | Create | Villager (Male) |
| 0:01 | Create | Villager (Male) |
| 0:01 | Create | Villager (Male) |
| 0:02 | Build | House |
| 0:03 | Build | House |
| 0:11 | Create | Villager (Male) |
| 0:11 | Create | Villager (Male) |
| 1:21 | Build | Palisade Gate |
| 1:30 | Build | House |
| 1:38 | Create | Villager (Male) |
| 1:38 | Create | Villager (Male) |
| 1:48 | Create | Villager (Male) |
| 1:48 | Create | Villager (Male) |
| 2:30 | Create | Villager (Male) |
| 2:30 | Create | Villager (Male) |
| 2:46 | Research | Loom |
| 2:59 | Create | Villager (Male) |
| 3:35 | Create | Villager (Male) |
| 3:50 | Create | Villager (Male) |
| 3:50 | Create | Villager (Male) |
| 4:16 | Create | Villager (Male) |
| 4:16 | Create | Villager (Male) |
| 4:53 | Build | Lumber Camp |
| 4:59 | Create | Villager (Male) |
| 4:59 | Create | Villager (Male) |
| 5:00 | Create | Villager (Male) |
| 5:20 | Build | House |
| 5:55 | Build | House |
| 6:13 | Create | Villager (Male) |
| 6:14 | Create | Villager (Male) |
| 6:26 | Build | House |
| 6:37 | Create | Villager (Male) |
| 7:14 | Build | Mill |
| 7:21 | Create | Villager (Male) |
| 7:48 | Create | Villager (Male) |
| 8:00 | Build | Mill |
| 8:49 | Research | Feudal Age |
| 9:47 | Create | Villager (Male) |
| 10:00 | Build | Barracks |
| 10:02 | Build | Barracks |
| 10:36 | Create | Villager (Male) |
| 10:59 | Age | Feudal Age |
| 11:05 | Build | Archery Range |
| 11:08 | Create | Villager (Male) |
| 11:16 | Build | Archery Range |
| 11:36 | Build | Palisade Wall |
| 11:37 | Build | Palisade Wall |
| 11:37 | Build | Palisade Wall |
| 11:39 | Build | Palisade Wall |
| 11:40 | Build | Palisade Wall |
| 11:41 | Build | Palisade Wall |
| 11:41 | Build | Palisade Wall |
| 11:43 | Build | Palisade Wall |
| 11:47 | Build | Palisade Wall |
| 11:47 | Build | Palisade Wall |
| 11:49 | Create | Villager (Male) |
| 11:56 | Create | Villager (Male) |
| 11:58 | Create | Archer |
| 12:02 | Build | House |
| 12:08 | Create | Archer |
| 12:13 | Build | Palisade Wall |
| 12:13 | Build | Palisade Wall |
| 12:17 | Build | Palisade Wall |
| 12:26 | Build | Mining Camp |
| 12:44 | Create | Villager (Male) |
| 12:55 | Create | Archer |
| 13:00 | Create | Villager (Male) |
| 13:05 | Create | Archer |
| 13:06 | Research | Double-Bit Axe |
| 13:13 | Build | House |
| 13:33 | Create | Villager (Male) |
| 13:34 | Create | Archer |
| 13:40 | Create | Archer |
| 13:40 | Create | Archer |
| 13:46 | Build | Blacksmith |
| 13:52 | Build | Outpost |
| 14:00 | Create | Archer |
| 14:16 | Build | Palisade Wall |
| 14:18 | Create | Villager (Male) |
| 14:32 | Research | Fletching |
| 14:33 | Create | Archer |
| 14:33 | Create | Archer |
| 15:14 | Create | Archer |
| 15:14 | Create | Archer |
| 15:28 | Create | Villager (Male) |
| 15:29 | Create | Archer |
| 15:30 | Build | House |
| 15:34 | Build | Farm |
| 15:34 | Build | Farm |
| 15:35 | Build | Farm |
| 15:35 | Build | Farm |
| 15:35 | Build | Farm |
| 15:35 | Build | Farm |
| 15:36 | Build | Farm |
| 15:55 | Create | Archer |
| 15:56 | Create | Archer |
| 16:04 | Create | Villager (Male) |
| 16:16 | Create | Archer |
| 16:17 | Create | Villager (Male) |
| 16:20 | Build | Farm |
| 16:24 | Build | House |
| 16:36 | Create | Archer |
| 16:37 | Create | Villager (Male) |
| 16:42 | Build | Palisade Wall |
| 16:43 | Build | Palisade Wall |
| 16:47 | Create | Archer |
| 16:49 | Build | Farm |
| 17:10 | Build | Farm |
| 17:19 | Create | Villager (Male) |
| 17:25 | Create | Archer |
| 17:32 | Create | Archer |
| 17:45 | Create | Archer |
| 17:47 | Create | Villager (Male) |
| 17:50 | Build | House |
| 17:53 | Build | Palisade Wall |
| 17:55 | Build | Palisade Wall |
| 18:00 | Create | Villager (Male) |
| 18:09 | Build | Farm |
| 18:20 | Create | Archer |
| 18:36 | Create | Villager (Male) |
| 18:38 | Build | Farm |
| 18:40 | Build | Farm |
| 19:06 | Create | Villager (Male) |
| 19:07 | Create | Archer |
| 19:07 | Create | Archer |
| 19:30 | Build | Lumber Camp |
| 19:34 | Create | Villager (Male) |
| 19:51 | Build | Palisade Wall |
| 19:56 | Create | Villager (Male) |
| 19:57 | Create | Archer |
| 19:57 | Create | Archer |
| 20:02 | Build | House |
| 20:32 | Build | Market |
| 20:34 | Create | Villager (Male) |
| 20:35 | Create | Archer |
| 20:36 | Create | Archer |
| 21:19 | Build | House |
| 21:25 | Build | Palisade Wall |
| 21:26 | Build | Palisade Wall |
| 21:41 | Research | Castle Age |
| 21:46 | Build | House |
| 21:47 | Build | Palisade Wall |
| 22:19 | Build | Palisade Gate |
| 22:29 | Build | House |
| 22:30 | Build | House |
| 22:32 | Build | House |
| 23:09 | Create | Archer |
| 23:10 | Create | Archer |
| 23:13 | Create | Archer |
| 23:38 | Build | Lumber Camp |
Build order — link_chaos
First 150 of 483 actions detected
| 0:02 | Create | Villager (Male) |
| 0:02 | Create | Villager (Male) |
| 0:03 | Build | House |
| 0:05 | Build | House |
| 0:10 | Create | Villager (Male) |
| 0:10 | Create | Villager (Male) |
| 0:11 | Create | Villager (Male) |
| 1:38 | Create | Villager (Male) |
| 1:39 | Create | Villager (Male) |
| 2:12 | Build | Settlement |
| 2:13 | Create | Villager (Male) |
| 2:14 | Create | Villager (Male) |
| 2:27 | Research | Loom |
| 2:27 | Research | Loom |
| 2:49 | Create | Villager (Male) |
| 2:49 | Create | Villager (Male) |
| 3:30 | Create | Villager (Male) |
| 3:30 | Create | Villager (Male) |
| 3:55 | Create | Villager (Male) |
| 3:56 | Create | Villager (Male) |
| 4:31 | Create | Villager (Male) |
| 5:27 | Create | Villager (Male) |
| 5:27 | Create | Villager (Male) |
| 5:51 | Create | Villager (Male) |
| 5:51 | Create | Villager (Male) |
| 5:53 | Create | Villager (Male) |
| 5:53 | Create | Villager (Male) |
| 6:20 | Create | Villager (Male) |
| 6:20 | Create | Villager (Male) |
| 6:36 | Create | Villager (Male) |
| 6:36 | Create | Villager (Male) |
| 6:54 | Create | Villager (Male) |
| 6:54 | Create | Villager (Male) |
| 7:08 | Create | Villager (Male) |
| 7:08 | Create | Villager (Male) |
| 7:43 | Create | Villager (Male) |
| 7:45 | Create | Villager (Male) |
| 7:45 | Create | Villager (Male) |
| 7:52 | Create | Villager (Male) |
| 7:52 | Create | Villager (Male) |
| 7:56 | Build | House |
| 8:34 | Create | Villager (Male) |
| 8:35 | Create | Villager (Male) |
| 9:01 | Create | Villager (Male) |
| 9:02 | Create | Villager (Male) |
| 9:07 | Create | Villager (Male) |
| 9:16 | Build | Settlement |
| 9:39 | Build | House |
| 9:42 | Create | Villager (Male) |
| 9:59 | Build | Palisade Wall |
| 10:21 | Build | Palisade Wall |
| 10:29 | Create | Villager (Male) |
| 10:49 | Build | Farm |
| 10:52 | Build | Farm |
| 10:54 | Build | Farm |
| 10:57 | Build | Farm |
| 10:59 | Build | Farm |
| 11:13 | Research | Feudal Age |
| 11:26 | Build | Settlement |
| 12:08 | Build | House |
| 12:28 | Build | Palisade Wall |
| 12:29 | Build | Palisade Wall |
| 12:54 | Build | House |
| 12:55 | Build | Palisade Wall |
| 13:27 | Age | Feudal Age |
| 13:29 | Create | Villager (Male) |
| 13:34 | Build | Market |
| 13:36 | Build | Blacksmith |
| 13:38 | Create | Villager (Male) |
| 13:49 | Build | Palisade Wall |
| 13:52 | Build | Palisade Wall |
| 14:07 | Build | House |
| 14:14 | Build | Palisade Gate |
| 14:18 | Create | Villager (Male) |
| 14:22 | Build | Watch Tower |
| 14:31 | Create | Villager (Male) |
| 14:57 | Build | House |
| 15:01 | Build | House |
| 15:11 | Create | Villager (Male) |
| 15:59 | Research | Castle Age |
| 16:00 | Research | Castle Age |
| 16:01 | Create | Villager (Male) |
| 16:05 | Build | Barracks |
| 16:20 | Build | Palisade Wall |
| 16:23 | Build | Palisade Wall |
| 17:50 | Build | Settlement |
| 18:15 | Build | Archery Range |
| 18:34 | Build | Palisade Wall |
| 18:39 | Age | Castle Age |
| 18:42 | Research | Fletching |
| 19:13 | Create | Bolas Rider |
| 19:13 | Create | Bolas Rider |
| 19:14 | Create | Villager (Male) |
| 19:15 | Create | Villager (Male) |
| 19:15 | Create | Villager (Male) |
| 19:18 | Research | Bodkin Arrow |
| 19:18 | Research | Bodkin Arrow |
| 19:47 | Build | Palisade Wall |
| 20:06 | Create | Bolas Rider |
| 20:08 | Create | Villager (Male) |
| 20:08 | Create | Villager (Male) |
| 20:33 | Create | Bolas Rider |
| 20:49 | Create | Bolas Rider |
| 20:51 | Create | Villager (Male) |
| 20:51 | Create | Villager (Male) |
| 21:10 | Create | Bolas Rider |
| 21:11 | Create | Villager (Male) |
| 21:11 | Create | Villager (Male) |
| 21:14 | Build | Archery Range |
| 21:28 | Create | Bolas Rider |
| 21:50 | Build | House |
| 21:52 | Build | Palisade Wall |
| 22:04 | Create | Villager (Male) |
| 22:10 | Build | Farm |
| 22:21 | Create | Bolas Rider |
| 22:21 | Create | Bolas Rider |
| 22:21 | Create | Bolas Rider |
| 22:57 | Create | Bolas Rider |
| 22:57 | Create | Bolas Rider |
| 22:58 | Create | Villager (Male) |
| 22:58 | Create | Villager (Male) |
| 23:25 | Create | Villager (Male) |
| 23:26 | Create | Villager (Male) |
| 23:35 | Build | University |
| 23:37 | Build | Farm |
| 23:40 | Create | Bolas Rider |
| 23:40 | Create | Bolas Rider |
| 23:54 | Create | Bolas Rider |
| 23:55 | Create | Bolas Rider |
| 23:55 | Create | Villager (Male) |
| 24:03 | Research | Padded Archer Armor |
| 24:24 | Create | Bolas Rider |
| 24:33 | Create | Villager (Male) |
| 24:33 | Create | Villager (Male) |
| 24:38 | Build | Settlement |
| 24:45 | Create | Bolas Rider |
| 24:45 | Create | Bolas Rider |
| 25:19 | Create | Villager (Male) |
| 25:35 | Create | Villager (Male) |
| 26:08 | Research | Ballistics |
| 26:09 | Create | Bolas Rider |
| 26:09 | Create | Bolas Rider |
| 26:10 | Create | Villager (Male) |
| 26:23 | Create | Bolas Rider |
| 26:23 | Create | Bolas Rider |
| 26:44 | Create | Villager (Male) |
| 26:44 | Create | Villager (Male) |
| 26:48 | Create | Bolas Rider |
| 26:49 | Create | Bolas Rider |
| 27:07 | Build | Town Center |
Build order — Lathkore
First 150 of 436 actions detected
| 0:01 | Create | Villager (Male) |
| 0:02 | Create | Villager (Male) |
| 0:02 | Create | Villager (Male) |
| 0:02 | Create | Villager (Male) |
| 0:02 | Create | Villager (Male) |
| 0:04 | Build | House |
| 0:06 | Build | House |
| 1:37 | Create | Villager (Male) |
| 1:37 | Create | Villager (Male) |
| 1:48 | Create | Villager (Male) |
| 2:10 | Build | Lumber Camp |
| 2:13 | Build | Lumber Camp |
| 2:25 | Create | Villager (Male) |
| 2:25 | Create | Villager (Male) |
| 2:40 | Create | Villager (Male) |
| 2:41 | Create | Villager (Male) |
| 3:51 | Create | Villager (Male) |
| 3:52 | Create | Villager (Male) |
| 4:06 | Create | Villager (Male) |
| 4:07 | Create | Villager (Male) |
| 4:07 | Create | Villager (Male) |
| 4:07 | Create | Villager (Male) |
| 4:27 | Build | House |
| 4:30 | Create | Villager (Male) |
| 4:30 | Create | Villager (Male) |
| 4:53 | Research | Double-Bit Axe |
| 4:54 | Research | Double-Bit Axe |
| 5:24 | Create | Villager (Male) |
| 5:24 | Create | Villager (Male) |
| 5:44 | Build | Mill |
| 6:16 | Create | Villager (Male) |
| 6:25 | Create | Villager (Male) |
| 6:34 | Build | House |
| 6:53 | Create | Villager (Male) |
| 7:14 | Research | Loom |
| 7:58 | Research | Feudal Age |
| 8:47 | Build | Barracks |
| 9:17 | Research | Horse Collar |
| 10:07 | Create | Villager (Male) |
| 10:11 | Age | Feudal Age |
| 10:14 | Build | Stable |
| 10:21 | Create | Spearman |
| 10:27 | Research | Bow Saw |
| 10:30 | Create | Villager (Male) |
| 10:39 | Build | House |
| 10:44 | Build | Palisade Wall |
| 10:59 | Create | Scout Cavalry |
| 10:59 | Create | Scout Cavalry |
| 11:17 | Create | Villager (Male) |
| 11:19 | Build | Farm |
| 11:30 | Build | Farm |
| 11:35 | Create | Scout Cavalry |
| 12:05 | Build | House |
| 12:08 | Build | House |
| 12:21 | Create | Villager (Male) |
| 12:22 | Build | Farm |
| 12:24 | Build | Farm |
| 12:44 | Create | Villager (Male) |
| 12:44 | Create | Villager (Male) |
| 12:47 | Build | Farm |
| 13:13 | Create | Scout Cavalry |
| 13:24 | Create | Villager (Male) |
| 13:31 | Build | Farm |
| 13:40 | Create | Villager (Male) |
| 13:42 | Build | Farm |
| 13:43 | Create | Villager (Male) |
| 13:43 | Create | Villager (Male) |
| 13:48 | Build | Watch Tower |
| 14:00 | Create | Villager (Male) |
| 14:00 | Create | Villager (Male) |
| 14:02 | Build | Farm |
| 14:03 | Build | Farm |
| 14:04 | Build | Farm |
| 14:06 | Build | Farm |
| 14:08 | Build | Farm |
| 14:17 | Create | Scout Cavalry |
| 14:18 | Create | Scout Cavalry |
| 14:41 | Build | Palisade Wall |
| 14:42 | Build | Palisade Wall |
| 15:01 | Create | Villager (Male) |
| 15:06 | Research | Heavy Plow |
| 15:15 | Create | Scout Cavalry |
| 15:15 | Create | Villager (Male) |
| 15:17 | Create | Villager (Male) |
| 15:23 | Build | Blacksmith |
| 15:36 | Create | Spearman |
| 15:55 | Create | Villager (Male) |
| 16:02 | Create | Scout Cavalry |
| 16:02 | Create | Scout Cavalry |
| 16:09 | Create | Villager (Male) |
| 16:22 | Build | Farm |
| 16:22 | Create | Villager (Male) |
| 16:24 | Build | Farm |
| 16:32 | Create | Scout Cavalry |
| 16:45 | Create | Scout Cavalry |
| 16:58 | Create | Villager (Male) |
| 17:02 | Build | Mining Camp |
| 17:11 | Build | House |
| 17:13 | Build | Palisade Wall |
| 17:27 | Create | Scout Cavalry |
| 17:44 | Build | Farm |
| 17:44 | Build | Farm |
| 17:45 | Build | Farm |
| 17:45 | Build | Farm |
| 17:45 | Build | Farm |
| 17:51 | Create | Villager (Male) |
| 18:21 | Create | Scout Cavalry |
| 18:22 | Create | Villager (Male) |
| 18:22 | Create | Villager (Male) |
| 18:42 | Create | Villager (Male) |
| 18:44 | Create | Scout Cavalry |
| 18:44 | Create | Scout Cavalry |
| 18:51 | Build | Watch Tower |
| 19:00 | Create | Spearman |
| 19:10 | Create | Villager (Male) |
| 19:11 | Create | Villager (Male) |
| 19:38 | Create | Villager (Male) |
| 19:38 | Create | Villager (Male) |
| 19:54 | Create | Villager (Male) |
| 19:54 | Create | Villager (Male) |
| 20:04 | Build | Mining Camp |
| 20:11 | Create | Villager (Male) |
| 20:31 | Build | Farm |
| 20:43 | Create | Villager (Male) |
| 20:43 | Create | Villager (Male) |
| 20:55 | Create | Villager (Male) |
| 21:01 | Build | Palisade Wall |
| 21:32 | Build | Market |
| 21:49 | Create | Villager (Male) |
| 22:29 | Research | Castle Age |
| 22:46 | Research | Heavy Plow |
| 22:58 | Research | Scale Barding Armor |
| 22:59 | Research | Scale Barding Armor |
| 23:34 | Research | Stone Mining |
| 23:35 | Research | Gold Mining |
| 23:41 | Research | Gold Mining |
| 24:35 | Build | House |
| 24:38 | Build | Palisade Wall |
| 24:41 | Build | House |
| 24:43 | Build | Palisade Wall |
| 24:46 | Build | Palisade Wall |
| 25:09 | Age | Castle Age |
| 25:42 | Build | Castle |
| 25:59 | Create | Villager (Male) |
| 26:32 | Build | Farm |
| 26:33 | Build | Farm |
| 27:01 | Build | House |
| 27:03 | Build | House |
| 27:04 | Create | Coustillier |
| 27:05 | Create | Coustillier |
Build order — FMG | Sawasha Takohida
First 150 of 418 actions detected
| 0:01 | Create | Villager (Male) |
| 0:02 | Create | Villager (Male) |
| 0:02 | Create | Villager (Male) |
| 0:02 | Create | Villager (Male) |
| 0:02 | Create | Villager (Male) |
| 0:04 | Build | House |
| 0:06 | Build | House |
| 1:31 | Create | Villager (Male) |
| 1:32 | Create | Villager (Male) |
| 1:57 | Create | Villager (Male) |
| 2:15 | Build | Lumber Camp |
| 2:22 | Create | Villager (Male) |
| 3:00 | Create | Villager (Male) |
| 3:00 | Create | Villager (Male) |
| 3:28 | Create | Villager (Male) |
| 3:28 | Create | Villager (Male) |
| 3:37 | Build | House |
| 3:40 | Create | Villager (Male) |
| 3:41 | Create | Villager (Male) |
| 4:04 | Create | Villager (Male) |
| 5:02 | Create | Villager (Male) |
| 5:03 | Create | Villager (Male) |
| 5:55 | Create | Villager (Male) |
| 6:03 | Build | Mining Camp |
| 6:14 | Create | Villager (Male) |
| 6:48 | Research | Feudal Age |
| 7:32 | Build | Barracks |
| 7:35 | Research | Loom |
| 7:41 | Build | House |
| 8:58 | Age | Feudal Age |
| 8:59 | Build | Archery Range |
| 9:07 | Build | Archery Range |
| 9:07 | Create | Villager (Male) |
| 9:08 | Create | Villager (Male) |
| 9:24 | Create | Villager (Male) |
| 9:37 | Build | House |
| 9:40 | Create | Archer |
| 9:47 | Create | Villager (Male) |
| 10:00 | Create | Archer |
| 10:14 | Build | Blacksmith |
| 10:15 | Create | Archer |
| 10:15 | Create | Archer |
| 10:21 | Build | Palisade Wall |
| 10:41 | Build | Palisade Gate |
| 10:45 | Build | House |
| 11:07 | Research | Fletching |
| 11:08 | Research | Fletching |
| 11:18 | Create | Villager (Male) |
| 11:19 | Create | Archer |
| 11:19 | Create | Archer |
| 11:48 | Create | Villager (Male) |
| 12:09 | Create | Archer |
| 12:10 | Create | Archer |
| 12:12 | Create | Villager (Male) |
| 12:14 | Create | Archer |
| 12:14 | Create | Archer |
| 12:17 | Build | House |
| 12:27 | Create | Archer |
| 12:27 | Create | Archer |
| 12:42 | Create | Villager (Male) |
| 12:45 | Create | Villager (Male) |
| 12:47 | Build | House |
| 12:49 | Build | Palisade Wall |
| 12:52 | Create | Archer |
| 12:53 | Create | Villager (Male) |
| 13:00 | Build | Palisade Wall |
| 13:01 | Create | Villager (Male) |
| 13:04 | Build | Mill |
| 13:23 | Create | Archer |
| 13:24 | Create | Villager (Male) |
| 13:31 | Build | Palisade Wall |
| 13:37 | Create | Archer |
| 13:46 | Build | Watch Tower |
| 13:48 | Create | Archer |
| 13:48 | Create | Archer |
| 14:01 | Create | Archer |
| 14:14 | Build | House |
| 14:37 | Build | House |
| 14:38 | Build | Palisade Wall |
| 15:01 | Build | House |
| 15:08 | Create | Archer |
| 15:09 | Create | Archer |
| 15:15 | Build | Farm |
| 15:15 | Build | Farm |
| 15:15 | Build | Farm |
| 15:15 | Build | Farm |
| 15:16 | Build | Farm |
| 15:16 | Build | Farm |
| 15:36 | Create | Villager (Male) |
| 16:25 | Create | Villager (Male) |
| 16:29 | Build | Mining Camp |
| 16:44 | Create | Archer |
| 16:44 | Create | Archer |
| 16:49 | Create | Villager (Male) |
| 17:03 | Build | Lumber Camp |
| 17:05 | Build | House |
| 17:07 | Build | Palisade Wall |
| 17:21 | Create | Villager (Male) |
| 17:21 | Create | Villager (Male) |
| 17:50 | Create | Villager (Male) |
| 17:55 | Create | Villager (Male) |
| 17:59 | Build | Watch Tower |
| 18:10 | Create | Archer |
| 18:10 | Create | Archer |
| 18:26 | Create | Villager (Male) |
| 18:58 | Create | Villager (Male) |
| 19:01 | Build | Farm |
| 19:09 | Create | Villager (Male) |
| 19:14 | Build | Farm |
| 19:24 | Create | Villager (Male) |
| 19:49 | Create | Archer |
| 20:01 | Build | Market |
| 20:10 | Create | Villager (Male) |
| 20:40 | Build | Farm |
| 20:42 | Build | Farm |
| 20:43 | Create | Villager (Male) |
| 20:48 | Create | Villager (Male) |
| 21:09 | Create | Villager (Male) |
| 21:12 | Build | House |
| 21:37 | Build | Lumber Camp |
| 21:39 | Build | Lumber Camp |
| 21:46 | Research | Castle Age |
| 21:46 | Research | Castle Age |
| 21:57 | Build | House |
| 22:01 | Create | Archer |
| 22:01 | Create | Archer |
| 22:12 | Build | Palisade Wall |
| 22:19 | Build | Watch Tower |
| 22:26 | Create | Archer |
| 22:30 | Build | Palisade Wall |
| 22:32 | Build | Palisade Wall |
| 22:58 | Build | Farm |
| 22:59 | Build | Farm |
| 23:00 | Build | Farm |
| 23:04 | Research | Double-Bit Axe |
| 23:04 | Research | Double-Bit Axe |
| 23:21 | Build | Palisade Gate |
| 23:35 | Research | Horse Collar |
| 23:46 | Build | Farm |
| 23:55 | Build | Farm |
| 23:58 | Build | Farm |
| 24:05 | Create | Villager (Male) |
| 24:14 | Build | Mining Camp |
| 24:26 | Age | Castle Age |
| 24:30 | Build | Town Center |
| 24:34 | Research | Bodkin Arrow |
| 24:34 | Research | Bodkin Arrow |
| 24:36 | Create | Cavalry Archer |
| 24:36 | Create | Cavalry Archer |
| 24:59 | Create | Cavalry Archer |
Build order — Aqua Sama
First 150 of 406 actions detected
| 0:01 | Create | Villager (Male) ×4 |
| 0:03 | Build | House |
| 0:04 | Build | House |
| 1:30 | Create | Villager (Male) |
| 1:30 | Create | Villager (Male) |
| 1:30 | Create | Villager (Male) |
| 2:03 | Create | Villager (Male) |
| 2:27 | Build | Lumber Camp |
| 2:29 | Create | Villager (Male) |
| 2:29 | Create | Villager (Male) |
| 2:29 | Create | Villager (Male) |
| 2:49 | Create | Villager (Male) |
| 3:14 | Create | Villager (Male) |
| 3:14 | Create | Villager (Male) |
| 3:14 | Create | Villager (Male) |
| 3:31 | Build | House |
| 3:46 | Create | Villager (Male) |
| 3:46 | Create | Villager (Male) |
| 4:33 | Create | Villager (Male) |
| 4:33 | Create | Villager (Male) |
| 4:33 | Create | Villager (Male) |
| 4:33 | Create | Villager (Male) |
| 5:49 | Create | Villager (Male) |
| 5:49 | Create | Villager (Male) |
| 5:52 | Build | House |
| 6:20 | Build | Mill |
| 6:32 | Create | Villager (Male) |
| 6:33 | Create | Villager (Male) |
| 6:59 | Create | Villager (Male) |
| 7:24 | Build | House |
| 7:29 | Create | Villager (Male) |
| 7:30 | Create | Villager (Male) |
| 7:30 | Research | Loom |
| 7:45 | Build | Mining Camp |
| 8:03 | Research | Feudal Age |
| 8:03 | Research | Feudal Age |
| 8:17 | Research | Loom |
| 8:18 | Research | Feudal Age |
| 9:37 | Create | Villager (Male) |
| 9:37 | Create | Villager (Male) |
| 9:53 | Build | House |
| 10:58 | Age | Feudal Age |
| 11:07 | Build | Watch Tower |
| 11:12 | Build | Market |
| 11:21 | Build | Blacksmith |
| 11:21 | Create | Villager (Male) |
| 12:36 | Research | Castle Age |
| 12:36 | Research | Castle Age |
| 13:41 | Build | House |
| 15:16 | Age | Castle Age |
| 15:22 | Build | Castle |
| 15:23 | Create | Villager (Male) |
| 15:42 | Create | Villager (Male) |
| 16:09 | Build | Lumber Camp |
| 16:21 | Create | Kipchak |
| 16:22 | Create | Kipchak |
| 16:22 | Create | Kipchak |
| 16:28 | Create | Villager (Male) |
| 16:28 | Create | Villager (Male) |
| 16:39 | Create | Kipchak |
| 16:39 | Create | Kipchak |
| 16:39 | Create | Kipchak |
| 16:40 | Create | Kipchak |
| 17:18 | Build | Mining Camp |
| 17:30 | Create | Kipchak |
| 17:30 | Create | Kipchak |
| 17:30 | Create | Kipchak |
| 18:08 | Research | Fletching |
| 18:08 | Research | Fletching |
| 18:08 | Research | Fletching |
| 18:37 | Create | Kipchak |
| 18:37 | Create | Kipchak |
| 18:37 | Create | Kipchak |
| 18:37 | Create | Kipchak |
| 19:03 | Create | Kipchak |
| 19:03 | Create | Kipchak |
| 19:40 | Create | Kipchak |
| 20:00 | Create | Kipchak |
| 20:13 | Create | Kipchak |
| 20:30 | Create | Kipchak |
| 20:30 | Create | Kipchak |
| 20:46 | Build | Farm |
| 20:46 | Build | Farm |
| 20:46 | Build | Farm |
| 20:47 | Build | Farm |
| 21:07 | Create | Villager (Male) |
| 21:08 | Create | Villager (Male) |
| 21:08 | Create | Villager (Male) |
| 21:08 | Create | Villager (Male) |
| 21:56 | Create | Kipchak |
| 21:56 | Create | Kipchak |
| 21:57 | Create | Kipchak |
| 22:08 | Research | Bodkin Arrow |
| 22:08 | Research | Bodkin Arrow |
| 22:09 | Research | Bodkin Arrow |
| 22:33 | Build | Farm |
| 22:41 | Create | Kipchak |
| 22:55 | Create | Kipchak |
| 23:21 | Create | Villager (Male) |
| 23:27 | Create | Kipchak |
| 23:27 | Create | Kipchak |
| 23:44 | Create | Kipchak |
| 24:11 | Create | Kipchak |
| 24:22 | Build | Farm |
| 24:29 | Create | Villager (Male) |
| 24:29 | Create | Villager (Male) |
| 24:55 | Create | Kipchak |
| 24:56 | Create | Kipchak |
| 25:25 | Create | Villager (Male) |
| 25:26 | Create | Villager (Male) |
| 25:34 | Create | Villager (Male) |
| 25:34 | Create | Villager (Male) |
| 25:35 | Create | Kipchak |
| 25:35 | Create | Kipchak |
| 26:09 | Build | Farm |
| 26:11 | Build | Farm |
| 26:13 | Create | Villager (Male) |
| 26:13 | Create | Villager (Male) |
| 26:13 | Create | Villager (Male) |
| 26:37 | Create | Kipchak |
| 26:37 | Create | Kipchak |
| 26:37 | Create | Kipchak |
| 26:37 | Create | Kipchak |
| 26:58 | Create | Kipchak |
| 27:04 | Create | Villager (Male) |
| 27:05 | Create | Villager (Male) |
| 27:05 | Create | Villager (Male) |
| 27:20 | Build | House |
| 27:27 | Create | Kipchak |
| 27:39 | Create | Villager (Male) |
| 27:58 | Create | Villager (Male) |
| 27:59 | Create | Villager (Male) |
| 27:59 | Create | Villager (Male) |
| 28:10 | Create | Kipchak |
| 28:10 | Create | Kipchak |
| 28:35 | Build | Farm |
| 28:38 | Create | Villager (Male) |
| 28:38 | Create | Villager (Male) |
| 28:38 | Create | Villager (Male) |
| 28:47 | Create | Kipchak |
| 28:56 | Create | Villager (Male) |
| 28:56 | Create | Villager (Male) |
| 28:56 | Create | Villager (Male) |
| 29:26 | Create | Villager (Male) |
| 29:27 | Create | Villager (Male) |
| 29:28 | Create | Kipchak |
| 29:28 | Create | Kipchak |
| 29:28 | Create | Kipchak |
| 29:53 | Create | Villager (Male) |
| 29:53 | Create | Villager (Male) |
Match timeline
| 7:32 | FMG | Sawasha Takohida · first_building Barracks |
| 8:09 | |FMG| TINCHO · first_building Barracks |
| 8:11 | SuperMAARusher · first_building Barracks |
| 8:47 | Lathkore · first_building Barracks |
| 8:52 | |FMG| TINCHO · age_up feudal |
| 8:58 | FMG | Sawasha Takohida · age_up feudal |
| 8:59 | FMG | Sawasha Takohida · first_building Archery Range |
| 9:03 | |FMG| Nadie · first_building Barracks |
| 9:08 | |FMG| TINCHO · first_building Stable |
| 9:17 | SuperMAARusher · age_up feudal |
| 9:19 | SuperMAARusher · first_building Stable |
| 9:49 | |FMG| Nadie · age_up feudal |
| 9:59 | link_chaos · wall_segment Palisade Wall x11 |
| 10:00 | FMG | GreatMaty · first_building Barracks |
| 10:03 | |FMG| Nadie · first_building Stable |
| 10:11 | Lathkore · age_up feudal |
| 10:14 | Lathkore · first_building Stable |
| 10:21 | FMG | Sawasha Takohida · wall_segment Palisade Wall x4 |
| 10:21 | link_chaos · wall_segment Palisade Wall x10 |
| 10:42 | |FMG| Nadie · wall_segment Palisade Wall x2 |
| 10:44 | Lathkore · wall_segment Palisade Wall x6 |
| 10:44 | |FMG| Nadie · wall_segment Palisade Wall x3 |
| 10:58 | Aqua Sama · age_up feudal |
| 10:59 | FMG | GreatMaty · age_up feudal |
| 11:05 | FMG | GreatMaty · first_building Archery Range |
| 11:36 | FMG | GreatMaty · wall_segment Palisade Wall x1 |
| 11:37 | FMG | GreatMaty · wall_segment Palisade Wall x1 |
| 11:37 | FMG | GreatMaty · wall_segment Palisade Wall x1 |
| 11:39 | FMG | GreatMaty · wall_segment Palisade Wall x1 |
| 11:40 | FMG | GreatMaty · wall_segment Palisade Wall x1 |
| 11:41 | FMG | GreatMaty · wall_segment Palisade Wall x1 |
| 11:41 | FMG | GreatMaty · wall_segment Palisade Wall x1 |
| 11:43 | FMG | GreatMaty · wall_segment Palisade Wall x1 |
| 11:47 | FMG | GreatMaty · wall_segment Palisade Wall x1 |
| 11:47 | FMG | GreatMaty · wall_segment Palisade Wall x1 |
| 12:13 | FMG | GreatMaty · wall_segment Palisade Wall x2 |
| 12:13 | FMG | GreatMaty · wall_segment Palisade Wall x1 |
| 12:17 | FMG | GreatMaty · wall_segment Palisade Wall x1 |
| 12:28 | link_chaos · wall_segment Palisade Wall x6 |
| 12:29 | link_chaos · wall_segment Palisade Wall x4 |
| 12:32 | Aqua Sama · first_market_sell 100 stone |
| 12:49 | FMG | Sawasha Takohida · wall_segment Palisade Wall x3 |
| 12:55 | link_chaos · wall_segment Palisade Wall x1 |
| 13:00 | FMG | Sawasha Takohida · wall_segment Palisade Wall x12 |
| 13:27 | link_chaos · age_up feudal |
| 13:31 | FMG | Sawasha Takohida · wall_segment Palisade Wall x4 |
| 13:49 | link_chaos · wall_segment Palisade Wall x11 |
| 13:52 | link_chaos · wall_segment Palisade Wall x12 |
| 14:15 | SuperMAARusher · wall_segment Palisade Wall x6 |
| 14:16 | FMG | GreatMaty · wall_segment Palisade Wall x8 |
| 14:38 | FMG | Sawasha Takohida · wall_segment Palisade Wall x6 |
| 14:41 | Lathkore · wall_segment Palisade Wall x1 |
| 14:42 | Lathkore · wall_segment Palisade Wall x1 |
| 15:16 | Aqua Sama · age_up castle |
| 15:22 | Aqua Sama · first_building Castle |
| 15:29 | SuperMAARusher · wall_segment Palisade Wall x1 |
| 16:05 | link_chaos · first_building Barracks |
| 16:20 | link_chaos · wall_segment Palisade Wall x2 |
| 16:20 | Aqua Sama · first_market_buy 100 wood |
| 16:23 | link_chaos · wall_segment Palisade Wall x4 |
| 16:42 | FMG | GreatMaty · wall_segment Palisade Wall x1 |
| 16:43 | FMG | GreatMaty · wall_segment Palisade Wall x1 |
| 17:07 | FMG | Sawasha Takohida · wall_segment Palisade Wall x10 |
| 17:13 | Lathkore · wall_segment Palisade Wall x5 |
| 17:14 | SuperMAARusher · first_market_sell 500 stone |
| 17:16 | SuperMAARusher · first_market_buy 100 food |
| 17:53 | FMG | GreatMaty · wall_segment Palisade Wall x1 |
| 17:55 | FMG | GreatMaty · wall_segment Palisade Wall x8 |
| 17:59 | link_chaos · first_market_buy 100 wood |
| 18:10 | |FMG| TINCHO · wall_segment Palisade Wall x1 |
| 18:15 | link_chaos · first_building Archery Range |
| 18:34 | link_chaos · wall_segment Palisade Wall x3 |
| 18:39 | link_chaos · age_up castle |
| 19:47 | link_chaos · wall_segment Palisade Wall x1 |
| 19:51 | FMG | GreatMaty · wall_segment Palisade Wall x10 |
| 20:07 | SuperMAARusher · age_up castle |
| 20:50 | |FMG| Nadie · wall_segment Palisade Wall x1 |
| 21:01 | Lathkore · wall_segment Palisade Wall x2 |
| 21:15 | FMG | GreatMaty · first_market_buy 100 food |
| 21:15 | FMG | GreatMaty · first_market_sell 500 wood |
| 21:16 | FMG | Sawasha Takohida · first_market_buy 100 food |
| 21:25 | FMG | GreatMaty · wall_segment Palisade Wall x1 |
| 21:26 | FMG | GreatMaty · wall_segment Palisade Wall x1 |
| 21:42 | |FMG| TINCHO · wall_segment Palisade Wall x1 |
| 21:47 | FMG | GreatMaty · wall_segment Palisade Wall x11 |
| 21:52 | link_chaos · wall_segment Palisade Wall x1 |
| 22:11 | |FMG| Nadie · wall_segment Palisade Wall x12 |
| 22:12 | FMG | Sawasha Takohida · wall_segment Palisade Wall x1 |
| 22:21 | Lathkore · first_market_sell 100 wood |
| 22:21 | Lathkore · first_market_buy 100 food |
| 22:23 | |FMG| TINCHO · age_up castle |
| 22:30 | FMG | Sawasha Takohida · wall_segment Palisade Wall x6 |
| 22:32 | FMG | Sawasha Takohida · wall_segment Palisade Wall x4 |
| 23:51 | |FMG| Nadie · age_up castle |
| 24:21 | FMG | GreatMaty · age_up castle |
| 24:26 | FMG | Sawasha Takohida · age_up castle |
| 24:38 | Lathkore · wall_segment Palisade Wall x1 |
| 24:43 | Lathkore · wall_segment Palisade Wall x1 |
| 24:46 | Lathkore · wall_segment Palisade Wall x1 |
| 25:04 | FMG | GreatMaty · wall_segment Palisade Wall x1 |
| 25:05 | FMG | GreatMaty · wall_segment Palisade Wall x1 |
| 25:09 | Lathkore · age_up castle |
| 25:14 | |FMG| Nadie · first_market_buy 100 food |
| 25:40 | FMG | GreatMaty · wall_segment Palisade Wall x1 |
| 25:42 | Lathkore · first_building Castle |
| 26:09 | |FMG| TINCHO · first_market_buy 100 wood |
| 26:49 | |FMG| Nadie · first_building Siege Workshop |
| 27:03 | |FMG| Nadie · first_building Monastery |
| 27:34 | FMG | GreatMaty · wall_segment Palisade Wall x1 |
| 28:50 | FMG | Sawasha Takohida · first_building Monastery |
| 30:32 | |FMG| TINCHO · first_market_sell 100 food |
| 30:47 | FMG | Sawasha Takohida · first_building Castle |
| 31:16 | FMG | GreatMaty · wall_segment Palisade Wall x1 |
| 31:26 | |FMG| TINCHO · wall_segment Palisade Wall x1 |
| 32:25 | link_chaos · first_building Siege Workshop |
| 32:37 | FMG | Sawasha Takohida · first_market_sell 500 wood |
| 33:38 | SuperMAARusher · first_building Monastery |
| 34:19 | |FMG| TINCHO · wall_segment Palisade Wall x1 |
| 35:14 | |FMG| Nadie · first_market_sell 100 stone |
| 35:47 | link_chaos · first_building Castle |
| 36:19 | Aqua Sama · first_building Monastery |
| 36:25 | Lathkore · wall_segment Stone Wall x6 |
| 36:48 | Lathkore · wall_segment Stone Wall x8 |
| 37:00 | FMG | GreatMaty · wall_segment Palisade Wall x1 |
| 37:06 | FMG | GreatMaty · wall_segment Palisade Wall x1 |
| 37:14 | SuperMAARusher · first_building Siege Workshop |
| 37:18 | FMG | Sawasha Takohida · first_building Stable |
| 37:29 | Lathkore · wall_segment Stone Wall x1 |
| 37:53 | |FMG| TINCHO · first_building Monastery |
| 39:23 | link_chaos · first_market_sell 100 wood |
| 39:41 | FMG | GreatMaty · first_building Monastery |
| 40:14 | |FMG| Nadie · first_building Castle |
| 40:20 | FMG | Sawasha Takohida · wall_segment Stone Wall x1 |
| 40:55 | SuperMAARusher · age_up imperial |
| 40:58 | FMG | Sawasha Takohida · wall_segment Stone Wall x7 |
| 41:03 | Lathkore · age_up imperial |
| 41:20 | |FMG| Nadie · age_up imperial |
| 41:29 | SuperMAARusher · wall_segment Palisade Wall x1 |
| 41:37 | FMG | Sawasha Takohida · wall_segment Stone Wall x6 |
| 42:49 | link_chaos · first_building Monastery |
| 42:55 | FMG | Sawasha Takohida · wall_segment Stone Wall x10 |
| 43:08 | |FMG| TINCHO · first_building Castle |
| 44:00 | FMG | GreatMaty · wall_segment Stone Wall x9 |
| 44:07 | FMG | GreatMaty · wall_segment Stone Wall x5 |
| 44:11 | FMG | GreatMaty · wall_segment Stone Wall x15 |
| 44:22 | FMG | GreatMaty · wall_segment Stone Wall x1 |
| 44:23 | FMG | GreatMaty · wall_segment Stone Wall x1 |
| 44:24 | FMG | GreatMaty · wall_segment Stone Wall x1 |
| 44:33 | |FMG| Nadie · first_building Archery Range |
| 44:44 | Aqua Sama · first_building Barracks |
| 44:57 | SuperMAARusher · first_building Castle |
| 45:10 | FMG | Sawasha Takohida · age_up imperial |
| 45:30 | FMG | GreatMaty · wall_segment Stone Wall x9 |
| 45:33 | FMG | GreatMaty · wall_segment Stone Wall x10 |
| 45:34 | FMG | GreatMaty · wall_segment Stone Wall x6 |
| 46:04 | Aqua Sama · first_building Stable |
| 46:10 | Lathkore · first_building Monastery |
| 46:18 | FMG | Sawasha Takohida · wall_segment Stone Wall x10 |
| 46:31 | |FMG| TINCHO · age_up imperial |
| 47:24 | FMG | Sawasha Takohida · wall_segment Stone Wall x11 |
| 48:05 | Lathkore · first_building Archery Range |
| 48:32 | FMG | GreatMaty · resign |
| 48:43 | Aqua Sama · age_up imperial |
[ AI ANALYSIS · 1 CREDIT ]
What really happened in this match?
Wolo.gg analyzes every decision: build order, eco, micro, common mistakes by bracket. Personalized analysis on WhatsApp or Discord in 30 seconds.
Civ guide
Celts
Perfil
|FMG| Nadie